 Dungeon Crawl Stone Soup version 0.22-a0-445-g8c8ef71 (webtiles) character file.

6398 Borgoz the Nimble (level 10, -2/86 HPs)
             Began as a Ghoul Gladiator on June 2, 2018.
             Was a Priest of Kikubaaqudgha.
             Slain by a two-headed ogre
             ... wielding a +0 giant spiked club
              (12 damage)
             ... on level 8 of the Dungeon.
             The game lasted 00:22:54 (7759 turns).

Borgoz the Nimble (Ghoul Gladiator)                 Turns: 7759, Time: 00:22:55

Health: -2/86      AC:  6    Str: 19    XL:     10   Next: 98%
Magic:  9/9        EV: 18    Int:  6    God:    Kikubaaqudgha [***...]
Gold:   435        SH:  0    Dex: 16    Spells: 6/9 levels left

rFire    . . .     SeeInvis .     - Unarmed
rCold    + . .     Gourm    .   (no shield)
rNeg     + + +     Faith    .   a - +1 leather armour
rPois    ∞         Spirit   .   b - +0 helmet
rElec    .         Reflect  .   (no cloak)
rCorr    .         Harm     .   (no gloves)
MR       .....                  (no boots)
Stlth    +.........             (no amulet)
HPRegen  0.00/turn              l - +3 ring of dexterity
MPRegen  0.11/turn              s - +3 ring of dexterity

@: rotting
A: rotting body, claws 1, carnivore, cold resistance 1, negative energy
resistance 3, inhibited regeneration, torment resistance, unbreathing
a: Receive Corpses, Renounce Religion


You were on level 8 of the Dungeon.
You worshipped Kikubaaqudgha.
Kikubaaqudgha was most pleased with you.
You were not hungry.

You visited 2 branches of the dungeon, and saw 10 of its levels.
You also visited: Sewer.

You collected 435 gold pieces.

Inventory:

Hand Weapons
 E - a +2 scythe of pain
Missiles
 c - 4 throwing nets (quivered)
Armour
 a - a +1 leather armour (worn)
 b - a +0 helmet (worn)
 D - the +2 helmet of Wonder {+Inv rElec Regen+ Int-2, unknown}
   (You found it on level 9 of the Dungeon)

   It affects your intelligence (-2).
   It insulates you from electricity.
   It lets you turn invisible.
   It increases your rate of regeneration.
Jewellery
 i - an uncursed ring of wizardry
 k - an uncursed amulet of magic regeneration
 l - a +3 ring of dexterity (left claw)
 s - a +3 ring of dexterity (right claw)
 u - an uncursed ring of wizardry
 x - an uncursed ring of ice
Wands
 o - a wand of iceblast (8)
Scrolls
 f - 4 scrolls of enchant armour
 g - 2 scrolls of random uselessness {unknown}
 h - 5 scrolls of remove curse
 j - a scroll of amnesia {unknown}
 p - 2 scrolls of magic mapping
 q - 2 scrolls of fog {unknown}
 r - 6 scrolls of teleportation
 t - a scroll of noise {unknown}
 w - a scroll of enchant weapon {unknown}
 y - a scroll of identify
 A - a scroll of blinking {unknown}
Potions
 m - 3 potions of flight
 n - a potion of berserk rage {unknown}
 v - 2 potions of haste
 z - 3 potions of might
 B - a potion of curing
Comestibles
 d - 27 rations
 C - 9 chunks of flesh


   Skills:
 + Level 7.6 Fighting
 - Level 1.7 Throwing
 * Level 8.6 Armour
 * Level 9.1 Dodging
 + Level 8.0 Unarmed Combat


You had 6 spell levels left.
You knew the following spells:

 Your Spells              Type           Power        Failure   Level  Hunger
a - Regeneration          Chrm/Necr      #.........   86%         3    ####...

Your spell library contained the following spells:

 Spells                   Type           Power        Failure   Level  Hunger
 Lightning Bolt           Conj/Air       #.........   100%        5    ######.
 Confuse                  Hex            #.......     86%         3    ####...
 Animate Dead             Necr           N/A          99%         4    #####..
 Pain                     Necr           #...         50%         1    ##.....
 Animate Skeleton         Necr           N/A          50%         1    ##.....
 Dispel Undead            Necr           #.......     100%        5    ######.
 Tukima's Dance           Hex            #.......     86%         3    ####...
 Corpse Rot               Necr           N/A          65%         2    ###....
 Shock                    Conj/Air       #...         50%         1    ##.....
 Swiftness                Chrm/Air       #.......     65%         2    ###....
 Death Channel            Necr           #.........   100%        6    #######
 Airstrike                Air            #.........   99%         4    #####..
 Confusing Touch          Hex            #.....       50%         1    ##.....
 Ensorcelled Hibernation  Hex/Ice        #.....       65%         2    ###....
 Metabolic Englaciation   Hex/Ice        #.........   100%        5    ######.
 Static Discharge         Conj/Air       #.......     86%         3    ####...
 Corona                   Hex            #......      50%         1    ##.....
 Simulacrum               Ice/Necr       #.........   100%        6    #######
 Excruciating Wounds      Chrm/Necr      #.........   100%        5    ######.
 Petrify                  Tmut/Erth      #.......     99%         4    #####..
 Dazzling Spray           Conj/Hex       #.....       86%         3    ####...
 Gell's Gravitas          Tloc           #.........   86%         3    ####...
 Yara's Violent Unravell  Hex/Tmut       #.........   100%        5    ######.


Dungeon Overview and Level Annotations

Branches:
Dungeon (9/15)             Temple (1/1) D:4
   Lair: D:8-11         Orc: D:9-12

Altars:
Ashenzari
Cheibriados
Dithmenos
Elyvilon
Fedhas
Gozag
Hepliaklqana
Kikubaaqudgha
Makhleb
Nemelex Xobeh
Okawaru
Qazlal
Ru
Sif Muna
Trog
Uskayaw
Vehumet
Wu Jian
Xom
Yredelemnul
Zin
The Shining One

Shops:
D:8 }


Innate Abilities, Weirdness & Mutations

Your body is rotting away.
You thrive on raw meat.
You are immune to poison.
You have sharp fingernails.
You are carnivorous and can eat meat at any time.
Your flesh is cold resistant. (rC+)
You are immune to negative energy. (rN+++)
You do not regenerate when monsters are visible.
You are immune to unholy pain and torment.
You can survive without breathing.


Message History

Press: ? - help, Shift-Dir - straight line, f/p - two-headed ogre
Aim: a two-headed ogre, wielding two giant spiked clubs (lightly wounded)
The two-headed ogre flickers and vanishes!
Deactivating autopickup; reactivate with Ctrl-A.
Evoke which item? (* to show all) (? for menu, Esc to quit)
Aiming: Random Effects
Press: ? - help, Shift-Dir - straight line Nothing appears to happen.
The now-empty wand crumbles to dust.
Something hits you!! Something hits you!
Evoke which item? (* to show all) (? for menu, Esc to quit)
You don't have any such object.
Evoke which item? (* to show all) (? for menu, Esc to quit)
Okay, then.
You mangle something!! You scratch something. Something hits you!! x2
* * * LOW HITPOINT WARNING * * *
Something barely misses you. Something closely misses you. Something hits you!
You die...
Kikubaaqudgha rasps: "You have failed me!
Welcome... oblivion!"

###....##..>##
#....##...# #....#...!###
#....#....##.
#....#....... #
######.##.##...##.
#...####...##.#####...##÷
#.....................#..
#.......@.............#..
#.....................#.[
#.....##......#.#.....#..
#.....########.##.....##.
#.............##..#...##.
#............##..###..##.
#.<...#.....##..##.##.##.
#######....##..##...##...
###...##..##..#..##..


There were no monsters in sight!

Vanquished Creatures
  A two-headed ogre (D:8)
  An unseen horror (D:9)
  Pikel (D:4)
  3 hippogriffs
  A spriggan (D:7)
  A shadow (D:8)
  Sigmund (D:5)
  A hungry ghost (D:8)
  Edmund (D:5)
  Menkaure (D:4)
  Purgy (Sewer)
  A necrophage (D:5)
  5 ice beasts
  A sky beast (D:6)
  5 ogres
  2 centaurs
  3 bullfrogs
  A wyvern zombie (D:7)
  Dowan (D:5)
  2 scorpions
  5 howler monkeys
  A crimson imp (D:7)
  A quasit (D:7)
  2 centaur zombies
  3 jellies
  2 bullfrog zombies
  9 orc priests
  2 bullfrog skeletons
  3 hounds
  4 orc wizards
  A centaur skeleton (D:4)
  6 worker ants
  2 hound skeletons
  2 howler monkey zombies
  A worker ant zombie (D:5)
  10 gnolls
  7 adders
  2 shadow imps
  3 oozes
  An adder zombie (D:6)
  5 worms
  2 dart slugs
  5 leopard geckos
  25 orcs
  5 ball pythons (Sewer)
  2 giant cockroaches
  8 hobgoblins
  21 jackals
  2 quokkas
  8 bats
  9 frilled lizards
  4 goblins
  A jackal skeleton (D:8)
  7 kobolds
  A quokka skeleton (D:7)
  6 rats
212 creatures vanquished.

Vanquished Creatures (others)
  Duvessa (D:5)
  A slave (D:4)
  A scorpion (D:4)
  A dart slug (D:4)
4 creatures vanquished.

Grand Total: 216 creatures vanquished

Notes
Turn   | Place    | Note
-------+----------+-------------------------------------------
     0 | D:1      | Borgoz the Ghoul Gladiator began the quest for the Orb.
     0 | D:1      | Reached XP level 1. HP: 17/17 MP: 0/0
   111 | D:1      | Reached XP level 2. HP: 18/23 MP: 1/1
   195 | D:1      | Reached skill level 1 in Armour
   195 | D:1      | Reached skill level 3 in Dodging
   209 | D:1      | Reached XP level 3. HP: 12/30 MP: 2/2
   772 | D:2      | Reached XP level 4. HP: 37/37 MP: 3/3
  1056 | D:2      | Reached XP level 5. HP: 40/44 MP: 4/4
  1340 | D:2      | Found an iron altar of Okawaru.
  2304 | D:3      | Reached skill level 4 in Dodging
  2420 | D:3      | Reached XP level 6. HP: 31/51 MP: 5/5
  2759 | D:4      | Found a deep blue altar of Sif Muna.
  2834 | D:4      | Found a staircase to the Ecumenical Temple.
  2858 | Temple   | Entered the Ecumenical Temple
  3063 | Temple   | Became a worshipper of Kikubaaqudgha
  3108 | D:4      | Noticed a slave
  3108 | D:4      | Noticed a slave
  3109 | D:4      | Noticed a slave
  3110 | D:4      | Noticed Pikel
  3113 | D:4      | Noticed a slave
  3118 | D:5      | Entered Level 5 of the Dungeon
  3230 | D:5      | Noticed Dowan
  3233 | D:5      | Noticed Duvessa
  3258 | D:5      | Killed Duvessa
  3258 | D:5      | Reached XP level 7. HP: 13/58 MP: 6/6
  3265 | D:5      | Killed Dowan
  3437 | D:5      | Noticed Sigmund
  3516 | D:4      | Killed Pikel
  3516 | D:4      | Reached skill level 5 in Dodging
  3516 | D:4      | Reached skill level 5 in Unarmed Combat
  3516 | D:4      | Reached XP level 8. HP: 53/65 MP: 7/7
  3544 | D:4      | Noticed Menkaure
  3547 | D:4      | Killed Menkaure
  3547 | D:4      | Reached skill level 5 in Armour
  3663 | D:4      | Reached skill level 6 in Dodging
  3747 | D:4      | Reached skill level 5 in Fighting
  3905 | D:4      | Reached * piety under Kikubaaqudgha
  3905 | D:4      | Identified Kikubaaqudgha's Catalogue of Black Rituals (Kikubaaqudgha gifted it to you on level 4 of the Dungeon)
  3905 | D:4      | Received a gift from Kikubaaqudgha
  3953 | D:4      | Found a deep blue altar of Sif Muna.
  4423 | D:5      | Found a sparkling altar of Nemelex Xobeh.
  4453 | D:5      | Reached XP level 9. HP: 64/74 MP: 8/8
  4479 | D:5      | Noticed Edmund
  4499 | D:5      | Killed Edmund
  4508 | D:5      | Killed Sigmund
  4720 | D:6      | Found a glowing drain.
  4735 | Sewer    | Entered a sewer
  4815 | Sewer    | Noticed Purgy
  4857 | Sewer    | Killed Purgy
  5022 | D:6      | Reached skill level 7 in Dodging
  5251 | D:6      | Reached ** piety under Kikubaaqudgha
  5843 | D:7      | Learned a level 3 spell: Regeneration
  6079 | D:7      | Reached XP level 10. HP: 84/84 MP: 9/9
  6101 | D:8      | Reached skill level 8 in Dodging
  7126 | D:9      | Found a shadowy altar of Dithmenos.
  7215 | D:9      | Reached *** piety under Kikubaaqudgha
  7215 | D:9      | Identified Kikubaaqudgha's Grimoire of Black Rituals (Kikubaaqudgha gifted it to you on level 9 of the Dungeon)
  7215 | D:9      | Received a gift from Kikubaaqudgha
  7241 | D:9      | Got a transparent helmet
  7365 | D:9      | Killed an unseen horror
  7449 | D:8      | Noticed a two-headed ogre
  7486 | D:8      | Killed a two-headed ogre
  7486 | D:8      | Reached skill level 9 in Dodging
  7556 | D:8      | Found Uronub's Gadget Shoppe.
  7645 | D:8      | Noticed a two-headed ogre
  7759 | D:8      | Slain by a two-headed ogre

Vault maps used:
D:1:      lightli_arrival_boilingwater, st_stairs_13, minmay_misc_feat_five
D:2:      first_ration, okawaru_ov_weapons_minmay
D:4:      lemuel_doored_altar, temple_green, serial_curves, eino_curves_02,
          eino_curves_02, led_sif_pool, uniq_pikel, uniq_menkaure
D:5:      nemelex_spade_bored_becter, uniq_duvessa, uniq_edmund, uniq_sigmund
D:6:      portal_sewer_entry_d
D:7:      the_bakery
D:8:      serial_shops, nicolae_shop_waterfront, minmay_diamond_spiral
D:9:      nicolae_dithmenos_shadow_blocks
Temple:   minmay_crystal_snake_temple
Sewer:    sewer_co_purgy_island

Skill      XL: |  1  2  3  4  5  6  7  8  9 10 |
---------------+-------------------------------+-----
Armour         | 1 2 3 4 5 7 8 |  8.6
Dodging        | 3 4 5 6 7 9 |  9.1
Fighting       | 3 4 5 6 7 |  7.6
Unarmed Combat | 4 5 6 8 |  8.0
Throwing       | |  1.7

Action                   |  1- 3 |  4- 6 |  7- 9 | 10-12 || total
-------------------------+-------+-------+-------+-------++-------
Melee: Unarmed           |   114 |   234 |   356 |   226 ||   930
       Punch             |     3 |     6 |     9 |     8 ||    26
Evoke: Wand              |       |       |       |     4 ||     4
  Use: Scroll            |       |     3 |     5 |     1 ||     9
       Potion            |       |     4 |     7 |     3 ||    14
 Stab: Sleeping          |       |     1 |     4 |     2 ||     7
       Invisible         |       |     1 |     5 |       ||     6
  Eat: Chunk             |    10 |    33 |    29 |    15 ||    87
Armor: Leather armour    |    32 |    59 |    78 |    54 ||   223
Dodge: Dodged            |    80 |   132 |   310 |   176 ||   698

Table legend:
 A = Spawn XP
 B = Non-spawn XP
 C = Spawn XP percentage of total XP
 D = Spawn monster count
 E = Non-spawn monster count
 F = Spawn count percentage of total count
 G = Total turns spent on level
                    A         B        C        D         E        F      G
               +---------+---------+-------+---------+---------+-------+---------
         Total |       0 |    9140 |   0.0 |       0 |     213 |   0.0 |  7759
               +---------+---------+-------+---------+---------+-------+---------
           D:1 |       0 |      68 |   0.0 |       0 |      30 |   0.0 |   710
           D:2 |       0 |     118 |   0.0 |       0 |      25 |   0.0 |   799
           D:3 |       0 |     242 |   0.0 |       0 |      25 |   0.0 |  1169
           D:4 |       0 |    1368 |   0.0 |       0 |      28 |   0.0 |   930
           D:5 |       0 |     962 |   0.0 |       0 |      15 |   0.0 |   830
           D:6 |       0 |     986 |   0.0 |       0 |      21 |   0.0 |   739
           D:7 |       0 |    1413 |   0.0 |       0 |      23 |   0.0 |   978
           D:8 |       0 |    2758 |   0.0 |       0 |      29 |   0.0 |   877
           D:9 |       0 |    1056 |   0.0 |       0 |       9 |   0.0 |   253
         Sewer |       0 |     169 |   0.0 |       0 |       8 |   0.0 |   238
               +---------+---------+-------+---------+---------+-------+---------
